 Dungeon Crawl Stone Soup version 0.24.0-35-gdb84b6a5db (webtiles) character file.

Game seed: 7727069842352010507, levelgen mode: deterministic

303 Ponchio the Magician (level 6, 0/32 HPs)
             Began as a Gargoyle Earth Elementalist on Nov 17, 2019.
             Killed by divine providence
             ... invoked by an orc priest
              (17 damage)
             ... on level 4 of the Dungeon.
             The game lasted 00:13:23 (2673 turns).

Ponchio the Magician (Gargoyle Earth Elementalist)  Turns: 2673, Time: 00:13:24

Health: 0/32       AC:  9    Str: 11    XL:     6   Next: 38%
Magic:  4/22       EV: 12    Int: 18    God:
Gold:   167        SH:  0    Dex: 10    Spells: 6/14 levels left

rFire    . . .     SeeInvis .   l - +2 dagger (speed)
rCold    . . .     Gourm    .   (no shield)
rNeg     + . .     Faith    .   c - +0 robe
rPois    ∞         Spirit   .   (no helmet)
rElec    +         Reflect  .   h - +0 cloak
rCorr    .         Harm     .   s - +1 pair of gloves
MR       .....                  (no boots)
Stlth    ++........             (no amulet)
HPRegen  0.10/turn              q - ring of magical power
MPRegen  0.18/turn              (no ring)

@: very slightly contaminated
A: negative energy resistance 1, electricity resistance, unbreathing,
petrification resistance, rot immunity, AC +4
a: no special abilities


You were on level 4 of the Dungeon.
You were not hungry.

You visited 1 branch of the dungeon, and saw 4 of its levels.

You collected 167 gold pieces.

Inventory:

Hand Weapons
 l - a +2 dagger of speed (weapon)
Armour
 c - a +0 robe (worn)
 h - a +0 cloak (worn)
 s - a +1 pair of gloves (worn)
Jewellery
 q - a ring of magical power (left hand)
Scrolls
 i - a scroll of identify
 j - 2 scrolls of teleportation
Potions
 a - 3 potions of curing
 e - a potion of berserk rage
 g - 2 potions of ambrosia
 m - a potion of flight
 p - a potion of invisibility
Comestibles
 d - 7 rations


   Skills:
 - Level 1.5 Dodging
 - Level 2.1 Stealth
 + Level 4.8 Spellcasting
 * Level 2.6 Transmutations
 - Level 4.4 Earth Magic


You had 6 spell levels left.
You knew the following spells:

 Your Spells              Type           Power        Failure   Level  Hunger
a - Sandblast             Erth           ###...       2%          1    None
b - Stone Arrow           Conj/Erth      ##....       16%         3    ###....
c - Petrify               Tmut/Erth      ###.....     30%         4    ####...

Your spell library contained the following spells:

 Spells                   Type           Power        Failure   Level  Hunger
 Passwall                 Tmut/Erth      ###.....     4%          2    #......
 Lee's Rapid Deconstruct  Erth           ###.......   52%         5    ######.


Dungeon Overview and Level Annotations

Branches:
Dungeon (4/15)
 Temple: D:4-7

Altars:
Elyvilon
Nemelex Xobeh
Trog


Innate Abilities, Weirdness & Mutations

You are resistant to torment.
Your stone body is resilient. (AC +4)
You are immune to poison.
You resist negative energy. (rN+)
You are resistant to electric shocks. (rElec)
You can survive without breathing.
You are immune to petrification.
You are immune to rotting.


Message History

The orc priest is heavily wounded.
The jackal barks!
The orc priest misses you.
You hit the orc priest.
The orc priest is severely wounded.
You hit the orc priest.
The orc priest is severely wounded.
The orc priest hits you.
You closely miss the orc priest.
The orc priest is severely wounded.
The orc priest mumbles some strange prayers to Beogh against you.
Pain shoots through your body!
You barely miss the orc priest.
The orc priest is severely wounded.
You closely miss the orc priest.
The orc priest is severely wounded.
The orc priest calls down the wrath of Beogh upon you.
Beogh smites you!
Ouch! That really hurt!
You die...

# #..##...#.## ..
#[.........###.#
#......#.......#
######......##.......#
#...........##.##..#...
#.####......##..#.## ##
#......##.....
#......##......
###.#@###.#.##.#
#..#o##..# ..
....#ho..# .....###..#
#.....# #.)# #......
#..). #...... .)..!..
......## >#....##


You could see an orc priest, an orc and a jackal.

Vanquished Creatures
  An ogre (D:4)
  An orc priest (D:3)
  An orc wizard (D:4)
  A worker ant (D:4)
  Robin (D:2)
  5 adders
  2 worms
  2 dart slugs (D:1)
  A leopard gecko (D:3)
  5 orcs
  2 giant cockroaches
  10 goblins (D:2)
  5 hobgoblins
  5 kobolds
  A quokka (D:3)
  2 ball pythons
  11 bats
  3 frilled lizards
  7 rats
66 creatures vanquished.

Notes
Turn   | Place    | Note
-------+----------+-------------------------------------------
     0 | D:1      | Ponchio the Gargoyle Earth Elementalist began the quest for
                  | the Orb.
     0 | D:1      | Reached XP level 1. HP: 10/10 MP: 3/3
   168 | D:1      | Reached XP level 2. HP: 15/15 MP: 3/5
   704 | D:2      | Noticed Robin
   725 | D:2      | Reached XP level 3. HP: 19/19 MP: 5/7
   780 | D:2      | Killed Robin
  1264 | D:2      | Found a white marble altar of Elyvilon.
  1264 | D:2      | Found a sparkling altar of Nemelex Xobeh.
  1265 | D:2      | Found a bloodstained altar of Trog.
  1315 | D:2      | Reached XP level 4. HP: 24/24 MP: 7/10
  1836 | D:3      | Learned a level 3 spell: Stone Arrow
  1841 | D:3      | Learned a level 4 spell: Petrify
  1907 | D:3      | Reached skill level 1 in Transmutations
  1965 | D:3      | Reached XP level 5. HP: 8/28 MP: 11/11
  2533 | D:4      | Noticed an ogre
  2537 | D:4      | Killed an ogre
  2537 | D:4      | Reached XP level 6. HP: 28/32 MP: 13/13
  2673 | D:4      | Killed from afar by an orc priest

Levels and vault maps discovered:
D:1:      elethiomel_arrival_shortcut, layout_loops_ring
D:2:      layout_loops_ring, gammafunk_temple_overflow_claw, first_ration,
          chequers_serial_rivers_marsh, uniq_robin
D:3:      layout_rooms, wander_ebering_terrifying_dragon_lair
D:4:      layout_rooms, fiery_altar_vehumet

Skill      XL: |  1  2  3  4  5 |
---------------+----------------+-----
Spellcasting   | 3 4 |  4.8
Transmutations | 1 2 |  2.6
Earth Magic    | 4 |  4.4
Dodging        | |  1.5
Stealth        | |  2.1

Action                   |  1- 3 |  4- 6 || total
-------------------------+-------+-------++-------
Melee: Dagger            |    65 |    49 ||   114
 Cast: Sandblast         |    33 |    35 ||    68
       Stone Arrow       |       |     9 ||     9
  Use: Potion            |       |     1 ||     1
       Scroll            |       |    10 ||    10
 Stab: Sleeping          |     1 |     1 ||     2
  Eat: Chunk             |     1 |     5 ||     6
Armor: Robe              |    28 |    18 ||    46
Dodge: Dodged            |    50 |    40 ||    90
